 Dungeon Crawl Stone Soup version 0.31-a0-963-ga325b2283a (webtiles) character file.

Game seed: 6044325909893837416

1591 Sanktem7 the Cleaver (level 8, -1/71 HPs)
             Began as a Minotaur Fighter on Oct 26, 2023.
             Slain by Joseph
             ... wielding a +0 quarterstaff
              (3 damage)
             ... on level 7 of the Dungeon.
             The game lasted 00:09:51 (5204 turns).

Sanktem7 the Cleaver (Minotaur Fighter)             Turns: 5204, Time: 00:09:51

Health: -1/71      AC: 15    Str: 23    XL:     8   Next: 61%
Magic:  7/7        EV:  6    Int:  5    God:
Gold:   347        SH:  0    Dex: 10    Spells: 7/7 levels left

rFire   . . .        a - +0 war axe {axe}
rCold   . . .        c - +0 buckler
rNeg    . . .        y - +0 plate armour
rPois   +            (helmet restricted)
rElec   .            u - +0 cloak
rCorr   .            r - +0 pair of gloves
SInv    .            (no boots)
Will    .....        (no amulet) Stlth
                     z - ring of flight
HPRegen 0.31/turn    x - ring of poison resistance
MPRegen 0.10/turn

%: no passive effects
@: confused, flying
A: horns 2, retaliatory headbutt
a: no special abilities


You were on level 7 of the Dungeon.
You visited 2 branches of the dungeon, and saw 8 of its levels.
You also visited: Sewer.

You collected 347 gold pieces.


Innate Abilities, Weirdness & Mutations

You have a pair of horns on your head.
You reflexively headbutt those who attack you in melee.


   Skills:
 + Level 6.4 Fighting
 * Level 8.1 Axes
 + Level 4.0 Throwing
 + Level 6.3 Armour
 + Level 6.4 Shields


You had 7 spell levels left.
You didn't know any spells.
Your spell library contained the following spells:

 Spells                   Type           Power      Damage    Failure   Level
 Shock                    Conj/Air       0%         1d3       100%        1
 Summon Small Mammal      Summ           0%         N/A       100%        1
 Ensorcelled Hibernation  Hex/Ice        0%         N/A       100%        2
 Passwall                 Tmut/Erth      0%         N/A       100%        2
 Call Canine Familiar     Summ           0%         N/A       100%        3
 Summon Guardian Golem    Hex/Summ       0%         N/A       100%        3
 Swiftness                Air            0%         N/A       100%        3
 Airstrike                Air            0%         2d(0-16)  100%        4
 Haunt                    Necr/Summ      0%         N/A       100%        7
 Borgnjor's Revivificati  Necr           0%         N/A       100%        8
 Death's Door             Necr           0%         N/A       100%        9

Inventory:

Hand Weapons
 a - a +0 war axe (weapon) {axe}
 s - a +1 sling of freezing
   (You found it on level 3 of the Dungeon)
 D - a +2 dagger of protection {short}
   (You found it on level 6 of the Dungeon)
 E - a +4 flail of draining {mace}
   (You took it off an orc on level 6 of the Dungeon)
 H - a +1 antimagic mace {mace}
   (You found it on level 7 of the Dungeon)
Missiles
 g - 49 stones {throwing}
 v - 9 poisoned darts {throwing}
 A - a curare-tipped dart {=fthrowing}
Armour
 c - a +0 buckler (worn)
 r - a +0 pair of gloves (worn)
   (You found it on level 2 of the Dungeon)
 u - a +0 cloak (worn)
   (You found it on level 4 of the Dungeon)
 y - a +0 plate armour (worn)
   (You found it on level 4 of the Dungeon)
Magical Staves
 n - a staff of poison {!astaff}
   (You found it on level 2 of the Dungeon)
 w - a staff of death {!astaff}
   (You found it on level 4 of the Dungeon)
Jewellery
 x - a ring of poison resistance (right hand)
   (You took it off an orc on level 5 of the Dungeon)
 z - a ring of flight (left hand)
   (You found it on level 5 of the Dungeon)
Scrolls
 k - 6 scrolls of identify {unknown}
 m - 2 scrolls of teleportation {unknown}
 p - 4 scrolls of amnesia {unknown}
 q - 3 scrolls of blinking {unknown}
 t - a scroll of fog {unknown}
 B - a scroll of enchant weapon {unknown}
 C - a scroll of poison {unknown}
Potions
 b - a potion of invisibility {unknown}
 d - a potion of might
 e - a potion of degeneration {unknown}
 f - 4 potions of enlightenment
 h - a potion of heal wounds {unknown}
 i - a potion of curing {@q1}
 j - a potion of magic {unknown}
 l - 2 potions of mutation {unknown}
 o - 5 potions of haste {unknown}
 F - a potion of brilliance {unknown}
 G - a potion of lignification {unknown}

Dungeon Overview and Level Annotations

Branches:
Dungeon (7/15) Zot: 26722  Temple (1/1) D:5 Zot: 5998   Sewer (visited)

Altars:
Ashenzari
Cheibriados
Dithmenos
Fedhas
Hepliaklqana
Kikubaaqudgha
Okawaru
Qazlal
Ru
Trog
Vehumet
Xom
Yredelemnul
Zin
The Shining One

Shops:
D:5 (   D:6 [

Annotations:
D:5 1 transporter, Brisketman's ghost, novice FeSh
D:7 Joseph

##.###.# ####......#
..#..##...##
#...##.....#
...###.....#############
.............#.........#
##.........#...........#
...#........##.........#
...###.........@@......#
...# #.....###.........#
...# #.....# #.........#
...# #.....# #.........#
...# ####### #.........#
###########


You could see Joseph.


Message History

Joseph hits you with a +0 quarterstaff. 😕 HP[-4]
You take 4 damage, and now have 64/71 hp.
You closely miss Joseph.
Joseph hits you with a +0 quarterstaff! 😕 HP[-6]
You take 6 damage, and now have 58/71 hp.
You hit Joseph but do no damage.
Joseph hits you with a +0 quarterstaff. 😕 HP[-3]
You take 3 damage, and now have 55/71 hp.
You slash Joseph!
Joseph hits you with a +0 quarterstaff! 😮 HP[-7]
You take 7 damage, and now have 48/71 hp.
You closely miss Joseph. Joseph hits you but does no damage.
You hit Joseph but do no damage. You headbutt Joseph.
Joseph zaps a wand.
Your will is overpowered!
You are confused.
You slash Joseph! Your headbutt misses Joseph.
Joseph hits you with a +0 quarterstaff! 😮 HP[-9]
You take 9 damage, and now have 39/71 hp.
You bump into the rock wall.
Joseph zaps a wand.
Your will is overpowered!
You are more confused.
You bump into the rock wall.
Joseph says, "I'm happy to see you. And I'll be happy to kill you."
Joseph hits you with a +0 quarterstaff.
* * * LOW HITPOINT WARNING * * *
😨 HP[-5]
You take 5 damage, and now have 34/71 hp.
You closely miss Joseph. Joseph hits you with a +0 quarterstaff.
* * * LOW HITPOINT WARNING * * *
😨 HP[-3]
You take 3 damage, and now have 31/71 hp.
You closely miss Joseph. You headbutt Joseph!
Joseph says, "I'm happy to see you. And I'll be happy to kill you."
Joseph hits you with a +0 quarterstaff.
* * * LOW HITPOINT WARNING * * *
😨 HP[-5]
You take 5 damage, and now have 26/71 hp.
Joseph hits you with a +0 quarterstaff.
* * * LOW HITPOINT WARNING * * *
😨 HP[-6]
You take 6 damage, and now have 20/71 hp.
Joseph unwields a +0 quarterstaff.
Joseph wields a +0 sling.
Joseph shoots a sling bullet.
The sling bullet barely misses you. 😨 HP[+1] Joseph shoots a sling bullet.
The sling bullet hits you but does no damage.
Joseph shouts, "Wow!"
Joseph shoots a sling bullet.
The sling bullet hits you!
* * * LOW HITPOINT WARNING * * *
😱 HP[-12]
You take 12 damage, and now have 9/71 hp.
Joseph shoots a sling bullet.
The sling bullet closely misses you. 😱 HP[+1]
You are too confused!
You are too confused!
You feel better.
Joseph shouts, "Wow!"
Joseph shoots a sling bullet.
The sling bullet hits you!
* * * LOW HITPOINT WARNING * * *
😱 HP[-3]
You take 3 damage, and now have 7/71 hp.
Joseph shoots a sling bullet.
You block the sling bullet.
Joseph shouts, "Wow!"
Joseph unwields a +0 sling.
Joseph wields a +0 quarterstaff.
Joseph hits you with a +0 quarterstaff!
* * * LOW HITPOINT WARNING * * *
😱 HP[-6]
You take 6 damage, and now have 1/71 hp.
You feel better. You block Joseph's attack. 😱 HP[+5]
You regained 5 hp, and now have 6/71 hp.
You feel better. Joseph hits you with a +0 quarterstaff.
* * * LOW HITPOINT WARNING * * *
😱 HP[-1]
You take 1 damage, and now have 5/71 hp.
You hit Joseph.
Joseph zaps a wand.
Your will is overpowered!
You are confused. 😱 HP[+1]
You hit Joseph but do no damage. You headbutt Joseph, but do no damage.
Joseph completely misses you. Joseph hits you with a +0 quarterstaff.
* * * LOW HITPOINT WARNING * * *
😱 HP[-5]
You take 5 damage, and now have 1/71 hp.
You're too confused to move!
Joseph sighs, "Being a guard is usually so boring..."
Joseph closely misses you. 😱 HP[+1] Joseph unwields a +0 quarterstaff.
Joseph wields a +0 sling.
Joseph shoots a sling bullet.
The sling bullet completely misses you.
Unknown command.
Joseph unwields a +0 sling.
Joseph wields a +0 quarterstaff.
Joseph hits you with a +0 quarterstaff.
You die...

Skill      XL: |  1  2  3  4  5  6  7  8 |
---------------+-------------------------+-----
Axes           | 3 4 5 7 8 |  8.1
Shields        | 4 5 6 |  6.4
Fighting       | 4 5 6 |  6.4
Armour         | 4 5 6 |  6.3
Throwing       | 1 2 3 4 |  4.0

Action                     |  1- 3 |  4- 6 |  7- 9 || total
---------------------------+-------+-------+-------++-------
  Melee: War axe           |   102 |   102 |   103 ||   307
         Headbutt          |    17 |    18 |    21 ||    56
    Use: Potion            |       |       |     3 ||     3
   Stab: Sleeping          |       |     1 |       ||     1
 Armour: Scale mail        |    70 |    13 |       ||    83
         Chain mail        |       |     7 |       ||     7
         Plate armour      |       |    88 |   107 ||   195
  Dodge: Dodged            |    39 |    37 |    32 ||   108
  Block: Buckler           |    17 |    25 |    27 ||    69

Levels and vault maps discovered:
D:1:      noname_arrival_rooms_in_the_neighbourhood, layout_loops_ring
D:2:      layout_basic
D:3:      layout_loops_ring, nicolae_ecumenical_snake_handling
D:4:      layout_basic, amcnicky_mini_corridor_feature
D:5:      layout_basic, temple_statues, serial_shops, shop,
          gammafunk_ghost_smash, cheibrodos_sewer_entry_bend
D:6:      layout_gridville, serial_shops, shop, uniq_prince_ribbit1
D:7:      layout_rooms, uniq_joseph
Temple:   minmay_freezing_vapour_temple

Notes
Turn   | Place    | Note
-------+----------+-------------------------------------------
     0 | D:1      | Sanktem7 the Minotaur Fighter began the quest for the Orb.
     0 | D:1      | Reached XP level 1. HP: 19/19 MP: 0/0
     0 | D:1      | magus.rc [v1.9.6]
   393 | D:1      | Reached XP level 2. HP: 27/27 MP: 1/1
   495 | D:1      | Reached skill level 3 in Axes
   543 | D:1      | You pick up a book of Callings and begin reading...
   543 | D:1      | You add the spells Summon Small Mammal, Call Canine
                  | Familiar and Summon Guardian Golem to your library.
   787 | D:2      | Reached skill level 4 in Shields
   788 | D:2      | Reached XP level 3. HP: 33/33 MP: 2/2
   823 | D:2      | Reached skill level 4 in Fighting
   823 | D:2      | Reached skill level 4 in Armour
  1691 | D:3      | Found a faded altar of an unknown god.
  1701 | D:3      | Reached XP level 4. HP: 40/40 MP: 3/3
  1783 | D:3      | Reached skill level 4 in Axes
  2258 | D:4      | Reached skill level 1 in Throwing
  2334 | D:4      | You pick up a book of Burglary and begin reading...
  2334 | D:4      | You add the spells Passwall, Ensorcelled Hibernation and
                  | Swiftness to your library.
  3093 | D:5      | Entered Level 5 of the Dungeon
  3101 | D:5      | Reached XP level 5. HP: 40/47 MP: 4/4
  3192 | D:5      | Noticed a phantom
  3204 | D:5      | Killed a phantom
  3205 | D:5      | Reached skill level 5 in Axes
  3205 | D:5      | Reached XP level 6. HP: 45/53 MP: 5/5
  3250 | D:5      | Identified +0 gold dragon scales
  3273 | D:5      | Found a staircase to the Ecumenical Temple.
  3281 | D:5      | You pick up a book of Air and begin reading...
  3281 | D:5      | You add the spells Shock and Airstrike to your library.
  3284 | Temple   | Entered the Ecumenical Temple
  3295 | D:5      | Noticed Brisketman's ghost (novice FeSh)
  3296 | D:5      | Identified the +11 dire flail of Qikimack {heavy, rCorr
                  | Str+3}
  3298 | D:5      | Found a transporter.
  3313 | D:5      | Found Doigafyh's Weapon Shoppe.
  3334 | D:5      | Reached skill level 2 in Throwing
  3346 | D:5      | Found a glowing drain.
  3362 | Sewer    | Entered a sewer
  3459 | Sewer    | Reached skill level 5 in Shields
  3463 | Sewer    | Reached skill level 5 in Fighting
  3463 | Sewer    | Reached skill level 5 in Armour
  3615 | Sewer    | Found a white marble altar of Elyvilon.
  3721 | D:5      | +0 gold dragon scales {rare}; a +0 club {mace}; an orc
                  | skeleton
  3741 | D:5      | Reached XP level 7. HP: 47/61 MP: 6/6
  3923 | D:5      | +0 gold dragon scales {rare}; a +0 club {mace}
  4044 | D:6      | Reached skill level 6 in Axes
  4317 | D:6      | Reached skill level 3 in Throwing
  4356 | D:6      | Noticed Prince Ribbit
  4366 | D:6      | Killed Prince Ribbit
  4367 | D:6      | Reached skill level 7 in Axes
  4367 | D:6      | Reached XP level 8. HP: 67/70 MP: 7/7
  4549 | D:6      | Found Uqusm's Antique Armour Shop.
  4586 | D:6      | Reached skill level 6 in Fighting
  4586 | D:6      | Reached skill level 6 in Shields
  4675 | D:6      | Reached skill level 6 in Armour
  4745 | D:6      | You add the spells Haunt, Borgnjor's Revivification and
                  | Death's Door to your library.
  4942 | D:7      | Reached skill level 8 in Axes
  4942 | D:7      | Reached skill level 4 in Throwing
  5171 | D:7      | Noticed Joseph
  5192 | D:7      | HP: 9/71 [Joseph/sling bullet (12)]
  5196 | D:7      | HP: 1/71 [Joseph/+0 quarterstaff (7)]
  5201 | D:7      | HP: 1/71 [Joseph/+0 quarterstaff (5)]
  5204 | D:7      | Slain by Joseph

Vanquished Creatures
  Prince Ribbit (D:6)
  A steam dragon (D:7)
  A water moccasin (D:6)
  A sky beast (D:6)
  2 phantoms
  2 kobold brigands (Sewer)
  A scorpion (D:7)
  3 killer bees (D:6)
  2 jellies (D:5)
  2 hounds (D:5)
  3 sleepcaps
  5 iguanas
  3 orc wizards
  7 adders
  A white imp (D:5)
  4 worms
  6 dart slugs
  14 orcs
  5 bats
  8 endoplasms
  A giant cockroach (D:1)
  3 goblins
  5 hobgoblins
  A jackal (Sewer)
  5 quokkas
  3 ball pythons
  2 frilled lizards (D:2)
  8 kobolds
  12 rats
112 creatures vanquished.

Table legend:
 A = Non-vault XP
 B = Vault XP
 C = Vault XP percentage of total XP
 D = Non-vault monster count
 E = Vault monster count
 F = Vault count percentage of total count
                 A         B        C        D         E       F
            +---------+---------+-------+---------+---------+-------
      Total |    1749 |     524 |  23.1 |      95 |      17 |  15.2
            +---------+---------+-------+---------+---------+-------
        D:1 |      32 |       0 |   0.0 |      17 |       0 |   0.0
        D:2 |      33 |       0 |   0.0 |      18 |       0 |   0.0
        D:3 |      49 |      28 |  36.4 |      16 |       3 |  15.8
        D:4 |      18 |       0 |   0.0 |       4 |       0 |   0.0
        D:5 |     444 |      10 |   2.2 |      15 |       2 |  11.8
        D:6 |     901 |     277 |  23.5 |      21 |       1 |   4.5
        D:7 |     272 |       0 |   0.0 |       4 |       0 |   0.0
      Sewer |       0 |     209 | 100.0 |       0 |      11 | 100.0
            +---------+---------+-------+---------+---------+-------

Skill      XL: |  1  2  3  4  5  6  7  8 |
---------------+-------------------------+-----
Axes           | 3 4 5 7 8 |  8.1
Shields        | 4 5 6 |  6.4
Fighting       | 4 5 6 |  6.4
Armour         | 4 5 6 |  6.3
Throwing       | 1 2 3 4 |  4.0

Action                     |  1- 3 |  4- 6 |  7- 9 || total
---------------------------+-------+-------+-------++-------
  Melee: War axe           |   102 |   102 |   103 ||   307
         Headbutt          |    17 |    18 |    21 ||    56
    Use: Potion            |       |       |     3 ||     3
   Stab: Sleeping          |       |     1 |       ||     1
 Armour: Scale mail        |    70 |    13 |       ||    83
         Chain mail        |       |     7 |       ||     7
         Plate armour      |       |    88 |   107 ||   195
  Dodge: Dodged            |    39 |    37 |    32 ||   108
  Block: Buckler           |    17 |    25 |    27 ||    69

Illustrated notes

Table legend:
 A = Kills in this place as a percentage of kills in the entire game.
 B = Kills by you in this place as a percentage of kills by you in the entire game.
 C = Kills by friends in this place as a percentage of kills by friends in the entire game.
 D = Other kills in this place as a percentage of other kills in the entire game.
 E = Experience gained in this place as a percentage of experience gained in the entire game.
 F = Experience gained in this place divided by the number of levels of this place that you have seen.
                   A       B       C       D       E      F
               +-------+-------+-------+-------+-------+----------------------
         Total | 100.0 | 100.0 |   N/A |   N/A | 100.0 | 252.6
       Dungeon |  90.2 |  90.2 |   N/A |   N/A |  90.8 | 294.9
         Sewer |   9.8 |   9.8 |   N/A |   N/A |   9.2 | 209.0
               +-------+-------+-------+-------+-------+----------------------

Table legend: (Time is in decaauts)
 A = Elapsed time spent in this place.
 B = Non-inter-level travel time spent in this place.
 C = Inter-level travel time spent in this place.
 D = Time resting spent in this place.
 E = Time spent auto-exploring this place.
 F = Levels seen in this place.
 G = Mean time per level.
                   A        B        C        D        E       F      G
               +--------+--------+--------+--------+--------+-----+--------+
         Total |   5317 |   5036 |    281 |      0 |   4024 |   9 |  590.8 |
       Dungeon |   4985 |   4704 |    281 |      0 |   3757 |   7 |  712.1 |
        Temple |      1 |      1 |      0 |      0 |      0 |   1 |    1.0 |
         Sewer |    329 |    329 |      0 |      0 |    267 |   1 |  329.0 |
               +--------+--------+--------+--------+--------+-----+--------+

Top non-repeatable levels by time:
     D:6: 957 daAuts
     D:4: 950 daAuts
     D:1: 777 daAuts
     D:3: 743 daAuts
     D:2: 669 daAuts
     D:5: 610 daAuts
   Sewer: 329 daAuts
     D:7: 276 daAuts
  Temple: 1 daAuts
